 Dungeon Crawl Stone Soup version 0.18-a0-29-gce27f3c (webtiles) character file.

9 Duffy the Ruffian (level 2, 19/26 HPs)
             Began as a Centaur Monk on Nov 4, 2015.
             Quit the game on level 1 of the Dungeon.
             The game lasted 00:00:39 (562 turns).

Duffy the Ruffian (Centaur Monk)                     Turns: 562, Time: 00:00:39

Health: 19/26      AC:  4    Str: 13    XL:     2   Next: 6%
Magic:  2/2        EV: 10    Int:  9    God:
Gold:   35         SH:  0    Dex: 11    Spells: 0 memorised, 1 level left

rFire  . . .     SeeInvis .     k - -1 hand axe (curse)
rCold  . . .     Clarity  .     a - +0 robe
rNeg   . . .     SustAt   .     (no shield)
rPois  .         Gourm    .     (no helmet)
rElec  .         Spirit   .     (no cloak)
rCorr  .         Warding  .     (no gloves)
rMut   .         Stasis   .     (no barding)
MR     .....                    (no amulet)
Stlth  +.........               (no ring)
                                (no ring)

@: very quick, not resistant to hostile enchantments, very unstealthy
A: hooves 3, deformed body, speed 2, tough skin 3
a: no special abilities


You were on level 1 of the Dungeon.
You were not hungry.

You visited 1 branch of the dungeon, and saw 1 of its levels.

You collected 35 gold pieces.


Innate Abilities, Weirdness & Mutations

You have hooves in place of feet.
Armour fits poorly on your strangely shaped body.
You cover ground very quickly.
You have extremely tough skin (AC +3).


   Skills:
 + Level 3.5 Fighting
 - Level 2.2 Dodging
 - Level 1.2 Stealth
 - Level 4.0 Unarmed Combat


You had one spell level left.
You didn't know any spells.

Inventory:

Hand Weapons
 k - a cursed -1 hand axe (weapon)
Armour
 a - a +0 robe (worn)
Scrolls
 c - a scroll of recharging {unknown}
 h - a scroll of teleportation {unknown}
 i - a scroll of identify {unknown}
Potions
 d - a potion of heal wounds {unknown}
 e - 2 potions of might {unknown}
 g - a potion of flight {unknown}
Comestibles
 b - a bread ration
 f - a beef jerky
 j - a meat ration

Dungeon Overview and Level Annotations

Branches:
Dungeon (1/15)

Altars:


Message History

The hobgoblin is moderately wounded.
The hobgoblin hits you but does no damage.
You closely miss the hobgoblin. Your kick misses the hobgoblin.
The hobgoblin is moderately wounded.
You completely miss the hobgoblin.
The hobgoblin is moderately wounded.
The hobgoblin hits you with a club.
You hit the hobgoblin.
You kick the hobgoblin, but do no damage.
The hobgoblin is heavily wounded.
The hobgoblin barely misses you.
You barely miss the hobgoblin.
The hobgoblin is heavily wounded.
The hobgoblin hits you but does no damage.
You hit the hobgoblin but do no damage.
The hobgoblin is heavily wounded.
The hobgoblin hits you but does no damage.
You closely miss the hobgoblin.
You kick the hobgoblin, but do no damage.
The hobgoblin is heavily wounded.
The hobgoblin hits you with a club.
You hit the hobgoblin.
You kick the hobgoblin, but do no damage.
The hobgoblin is severely wounded.
You hit the hobgoblin.
You kill the hobgoblin!
Things that are here:
a club; a hobgoblin corpse
j - a meat ration You see here a runed hand axe.
k - a runed hand axe Wield which item (- for none, * to show all)? (? for menu, Esc to quit)
It sticks to your hand!
k - a cursed -1 hand axe (weapon)
Are you sure you want to abandon this character and quit the game? (Confirm with "yes".)

##################....#.#
#......... ........#.# ..########
###......#.# #........
..#....#.#.# #.########
#.#....#.#.# #........#
#.#....#.#.# #.######.#
#.#....#.#.#
#........#####.#....# #.##
#............†.#@...# #..## #####
#)#####......)......# #...###...#
#.# #...............# #.#.....#.#
#.###.#.########.#.## #....#.....
#.....#......†....... #.#.....#..
#################.#####...###....
.. ...### #..#. .## ### ##... .#
##.#


There were no monsters in sight!

Action                   || total
-------------------------++-------
Melee: Unarmed           ||    42

Notes
Turn   | Place    | Note
--------------------------------------------------------------
     0 | D:1      | Duffy the Centaur Monk began the quest for the Orb.
     0 | D:1      | Reached XP level 1. HP: 19/19 MP: 1/1
   542 | D:1      | Reached XP level 2. HP: 21/26 MP: 2/2
   562 | D:1      | Quit the game

Vault maps used:
D:1:      nagdon_arrival_zigzag_paths, minmay_misc_feat_five

Vanquished Creatures
  3 bats
  A giant cockroach
  2 hobgoblins
  A giant newt
  A goblin
  A kobold
9 creatures vanquished.
